 Dungeon Crawl Stone Soup version 0.21-a0-283-g622b906 (webtiles) character file.

177 Prolix the Chiller (level 5, -2/31 HPs)
             Began as an Octopode Ice Elementalist on Sept 24, 2017.
             Slain by CcS's ghost (11 damage)
             ... on level 4 of the Dungeon.
             The game lasted 00:09:43 (4482 turns).

Prolix the Chiller (Octopode Ice Elementalist)      Turns: 4482, Time: 00:09:44

Health: -2/31      AC:  1    Str:  8    XL:     5   Next: 57%
Magic:  7/9        EV: 13    Int: 18    God:
Gold:   184        SH:  0    Dex: 12    Spells: 4/10 levels left

rFire    . . .     SeeInvis .   c - +0 spear
rCold    . . .     Gourm    .   (no shield)
rNeg     . . .     Faith    .   (helmet restricted)
rPois    .         Spirit   .   (no amulet)
rElec    .         Reflect  .   (no ring)
rCorr    .         Harm     .   (no ring)
MR       .....                  (no ring)
Stlth    +++.......             (no ring)
HPRegen  0.10/turn              (no ring)
MPRegen  0.11/turn              (no ring)
                                (no ring)
                                (no ring)

@: no status effects
A: almost no armour, stealthy swim, amphibious, 8 rings, constrict 8, camouflage
1, gelatinous body 1
a: no special abilities


You were on level 4 of the Dungeon.
You were not hungry.

You visited 1 branch of the dungeon, and saw 4 of its levels.

You collected 184 gold pieces.

Inventory:

Hand Weapons
 c - a +0 spear (weapon)
 d - a +0 club
 e - a +0 mace
Missiles
 l - 47 stones (quivered)
Jewellery
 h - a +5 ring of protection {unknown}
Wands
 p - a wand of iceblast (4/15)
Scrolls
 f - a scroll of teleportation
 o - a scroll of remove curse
 q - a scroll of fog {unknown}
Potions
 g - 2 potions of brilliance
 k - 2 potions of might
 r - a potion of heal wounds {unknown}
Books
 a - a book of Frost

   Spells                             Type                      Level
   a - Freeze                         Ice                          1
   b - Throw Frost                    Conjuration/Ice              2
   c - Ozocubu's Armour               Charms/Ice                   3
   d - Throw Icicle                   Conjuration/Ice              4
   e - Summon Ice Beast               Ice/Summoning                4
Comestibles
 b - 4 bread rations
 i - a meat ration
 n - a chunk of flesh


   Skills:
 - Level 2.0 Dodging
 - Level 2.6 Stealth
 + Level 3.1 Spellcasting
 - Level 1.0 Conjurations
 * Level 5.4 Ice Magic


You had 4 spell levels left.
You knew the following spells:

 Your Spells              Type           Power        Failure   Level  Hunger
a - Freeze                Ice            ###.         1%          1    None
b - Throw Frost           Conj/Ice       ##....       6%          2    ##.....
c - Ozocubu's Armour      Chrm/Ice       ##......     16%         3    ###....


Dungeon Overview and Level Annotations

Branches:
Dungeon (4/15)
 Temple: D:4-7

Altars:
Ashenzari
Fedhas
Hepliaklqana
Wu Jian

Annotations:
D:4 CcS's ghost, amateur DrTm


Innate Abilities, Weirdness & Mutations

You cannot wear most types of armour.
You are very stealthy in the water. (Stealth+)
You are amphibious.
You can wear up to eight rings at the same time.
You can use your tentacles to constrict eight enemies at once.
Your skin changes colour to match your surroundings (Stealth+).
Your rubbery body absorbs attacks. (AC +1, EV +1)


Message History

Unknown command.
You puncture CcS's ghost!
CcS's ghost is moderately damaged.
CcS's ghost hits you!
You barely miss CcS's ghost.
CcS's ghost is moderately damaged.
CcS's ghost hits you! CcS's ghost completely misses you.
Unknown command.
Found 5 gold pieces.
A frilled lizard comes into view.
Found a long sword.
Found a short sword and a rapier.
CcS's ghost hits you.
* * * LOW HITPOINT WARNING * * *
It was a potion of cancellation.
Your magical effects are unravelling.
You feel magically purged.
Your icy armour evaporates.
You feel a little less mighty now. CcS's ghost hits you!
You die...

..
##............#
.. #
#...###...##.#
.#
..#####+##.##.##
..............#
..............#
.....l........#
........l.....#
.##...###W.####
#### #@.#
#......$..#
#.........#
#.........+
#.........#
#........)#
#......).)#
######....#


You could see CcS's ghost and a frilled lizard.

Vanquished Creatures
  A scorpion (D:2)
  4 adders
  An ooze (D:2)
  A worm (D:3)
  3 dart slugs
  2 leopard geckos
  2 orcs (D:3)
  2 giant cockroaches (D:1)
  9 goblins
  8 hobgoblins
  2 jackals (D:3)
  6 quokkas
  A ball python (D:1)
  13 bats
  5 frilled lizards
  7 kobolds
  8 rats
75 creatures vanquished.

Notes
Turn   | Place    | Note
-------+----------+-------------------------------------------
     0 | D:1      | Prolix the Octopode Ice Elementalist began the quest for the Orb.
     0 | D:1      | Reached XP level 1. HP: 11/11 MP: 3/3
   365 | D:1      | Reached XP level 2. HP: 16/17 MP: 3/5
   371 | D:1      | Learned a level 2 spell: Throw Frost
   832 | D:1      | Reached XP level 3. HP: 14/21 MP: 1/6
  1150 | D:1      | Learned a level 3 spell: Ozocubu's Armour
  1624 | D:2      | Reached skill level 4 in Ice Magic
  1900 | D:2      | Noticed a scorpion
  1908 | D:2      | Killed a scorpion
  1908 | D:2      | Reached XP level 4. HP: 22/27 MP: 0/8
  2051 | D:2      | Found an ornate altar of the Wu Jian Council.
  2617 | D:2      | Reached XP level 5. HP: 22/31 MP: 4/9
  2768 | D:3      | Found a blossoming altar of Fedhas.
  2783 | D:3      | Reached skill level 5 in Ice Magic
  2966 | D:3      | Found a hazy altar of Hepliaklqana.
  3646 | D:3      | Found a shattered altar of Ashenzari.
  4458 | D:4      | Noticed CcS's ghost (amateur DrTm)
  4482 | D:4      | Slain by CcS's ghost

Vault maps used:
D:1:      minmay_arrival_stone_box, roderic_roman_lattice, st_stairs_4,
          minivault_14, serial_park_tiny_pond, kennysheep_nondescript,
          minmay_small_reverse_x
D:2:      lemuel_round_altar, first_bread
D:3:      fedhas_altar_1, lemuel_doored_altar, nicolae_ashenzari_panopticon
D:4:      serial_shops, kennysheep_mini_moat, cheibrodos_sewer_entry_bend

Skill      XL: |  1  2  3  4  5 |
---------------+----------------+-----
Ice Magic      | 4 5 |  5.4
Spellcasting   | 3 |  3.1
Dodging        | |  2.0
Stealth        | |  2.6
Conjurations   | |  1.0

Action                   |  1- 3 |  4- 6 || total
-------------------------+-------+-------++-------
Melee: Club              |     5 |       ||     5
       Spear             |    41 |   102 ||   143
       Tentacles         |     7 |     8 ||    15
       Constrict         |    14 |    23 ||    37
 Cast: Freeze            |    28 |    22 ||    50
       Ozocubu's Armour  |     3 |    25 ||    28
       Throw Frost       |     1 |       ||     1
  Use: Scroll            |     3 |     3 ||     6
       Potion            |       |     2 ||     2
 Stab: Sleeping          |     5 |    10 ||    15
  Eat: Chunk             |     1 |     4 ||     5
       Bread ration      |     1 |       ||     1
       Meat ration       |       |     1 ||     1
Armor: Skin              |     5 |    26 ||    31
Dodge: Dodged            |    53 |    50 ||   103

Table legend:
 A = Spawn XP
 B = Non-spawn XP
 C = Spawn XP percentage of total XP
 D = Spawn monster count
 E = Non-spawn monster count
 F = Spawn count percentage of total count
 G = Total turns spent on level
                    A         B        C        D         E        F      G
               +---------+---------+-------+---------+---------+-------+---------
         Total |       0 |     253 |   0.0 |       0 |      75 |   0.0 |  4482
               +---------+---------+-------+---------+---------+-------+---------
           D:1 |       0 |      46 |   0.0 |       0 |      25 |   0.0 |  1612
           D:2 |       0 |     120 |   0.0 |       0 |      21 |   0.0 |  1363
           D:3 |       0 |      70 |   0.0 |       0 |      26 |   0.0 |  1376
           D:4 |       0 |      17 |   0.0 |       0 |       3 |   0.0 |   131
               +---------+---------+-------+---------+---------+-------+---------
